 Dungeon Crawl Stone Soup version 0.20.1-1-g8b1a95d (webtiles) character file.

290 Lorindel the Magician (level 6, -1/76 HPs)
             Began as a Deep Elf Air Elementalist on July 22, 2017.
             Slain by a killer bee (2 damage)
             ... on level 5 of the Dungeon.
             The game lasted 00:27:46 (4121 turns).

Lorindel the Magician (Deep Elf Air Elementalist)   Turns: 4121, Time: 00:27:47

Health: -1/76      AC: 23    Str: 10    XL:     6   Next: 9%
Magic:  15/15      EV:  2    Int: 22    God:
Gold:   271        SH:  0    Dex: 15    Spells: 5/15 levels left

rFire    . . .     SeeInvis .   j - +0 dagger
rCold    . . .     Gourm    .   (no shield)
rNeg     + + +     Faith    .   (armour currently unavailable)
rPois    +         Spirit   .   (helmet currently unavailable)
rElec    .         Reflect  .   (cloak currently unavailable)
rCorr    +         Harm     .   (gloves currently unavailable)
MR       .....     NoTele   +   (boots currently unavailable)
Stlth    ..........             (no amulet)
Regen    0.3/turn               e - ring of resist corrosion
MPRegen  0.2/turn               r - ring of wizardry

@: berserking, lethally poisoned (-1 -> -22), tree-form, very slightly
contaminated, very quick
A: no striking features
a: no special abilities


You were on level 5 of the Dungeon.
You were hungry.
You were a tree.
You visited 1 branch of the dungeon, and saw 5 of its levels.

You collected 271 gold pieces.

Inventory:

Hand Weapons
 h - a +0 hand axe
 j - a +0 dagger (weapon)
 n - a +0 mace
Missiles
 g - 121 stones (quivered)
 o - 7 needles of confusion
 p - 65 arrows
Armour
 a - a +1 robe (melded)
 f - the +5 ring mail of the Ancient Emperors {rF+ rC+ MR+ Int-4}
   (You found it on level 4 of the Dungeon)

   It affects your intelligence (-4).
   It protects you from fire.
   It protects you from cold.
   It affects your resistance to hostile enchantments.
 x - a +0 robe
 y - a +0 shield
 A - a +0 cloak
 C - a +0 plate armour
Jewellery
 e - a ring of resist corrosion (left branch)
 r - a ring of wizardry (right branch)
Scrolls
 d - a scroll of identify
 k - a scroll of noise
 w - 3 scrolls of teleportation
 B - a scroll of magic mapping
Potions
 l - a potion of flight
 q - a potion of berserk rage
 t - a potion of resistance
 v - a potion of invisibility
Books
 b - a book of Air

   Spells                             Type                      Level
   a - Shock                          Conjuration/Air              1
   b - Swiftness                      Charms/Air                   2
   c - Static Discharge               Conjuration/Air              3
   d - Airstrike                      Air                          4
   e - Lightning Bolt                 Conjuration/Air              5
Comestibles
 c - 6 bread rations
 i - 4 meat rations
 m - 2 royal jellies
 z - 5 chunks of flesh


   Skills:
 + Level 1.6 Fighting
 + Level 3.8 Dodging
 + Level 3.0 Stealth
 * Level 5.3 Spellcasting
 + Level 2.1 Conjurations
 + Level 2.6 Charms
 + Level 3.6 Air Magic


You had 5 spell levels left.
You knew the following spells:

 Your Spells              Type           Power        Failure   Level  Hunger
a - Shock                 Conj/Air       ###.         1%          1    None
b - Swiftness             Chrm/Air       ###.....     1%          2    None
c - Static Discharge      Conj/Air       ###.....     3%          3    ##.....
d - Airstrike             Air            ###.......   9%          4    ####...


Dungeon Overview and Level Annotations

Branches:
Dungeon (5/15)
 Temple: D:4-7

Altars:
Ashenzari
Elyvilon
Fedhas
Gozag
Hepliaklqana
Kikubaaqudgha
Makhleb


Message History

Increase (S)trength, (I)ntelligence, or (D)exterity?
You feel clever.
* * * LOW HITPOINT WARNING * * *
You feel sick.
The killer bee stings you but does no damage. x2
You miss the killer bee.
The killer bee is lightly wounded.
* * * LOW HITPOINT WARNING * * *
You feel sick.
The killer bee stings you but does no damage.
You puncture the killer bee!
The killer bee is severely wounded.
* * * LOW HITPOINT WARNING * * *
You feel sick.
The killer bee stings you but does no damage.
You barely miss the killer bee.
The killer bee is severely wounded.
* * * LOW HITPOINT WARNING * * *
You feel sick. The killer bee stings you.
You die...

#############
............#
............#
............# .#
......†♣....+## .#
####..y.......# ..# ..y.
######..<...##..#
....####....#.#........#
........##.#.......##.#
.##..##..##.#.......##
...........>.........#
.........##..........#
)........#.........###


You could see a killer bee.

Vanquished Creatures
  A scorpion (D:4)
  A killer bee (D:5)
  An orc priest (D:3)
  Terence (D:2)
  A gnoll (D:1)
  3 adders
  An ooze (D:1)
  2 adder skeletons
  3 worms
  3 dart slugs (D:1)
  2 leopard geckos (D:1)
  7 orcs
  5 bats
  2 bat zombies (D:2)
  5 giant cockroaches
  7 goblins
  4 hobgoblins
  7 kobolds
  2 quokkas
  2 ball pythons
  5 frilled lizards
  8 rats
  2 rat zombies (D:2)
75 creatures vanquished.

Notes
Turn   | Place    | Note
-------+----------+-------------------------------------------
     0 | D:1      | Lorindel the Deep Elf Air Elementalist began the quest for the Orb.
     0 | D:1      | Reached XP level 1. HP: 10/10 MP: 6/6
   149 | D:1      | Reached XP level 2. HP: 11/15 MP: 0/8
   153 | D:1      | Learned a level 2 spell: Swiftness
   312 | D:1      | Reached skill level 1 in Charms
   312 | D:1      | Reached XP level 3. HP: 6/19 MP: 0/10
   317 | D:1      | Learned a level 3 spell: Static Discharge
  1124 | D:2      | Reached skill level 4 in Spellcasting
  1341 | D:2      | Reached XP level 4. HP: 21/24 MP: 3/12
  1346 | D:2      | Found an ancient bone altar of Kikubaaqudgha.
  1507 | D:2      | Noticed Terence
  1537 | D:2      | Killed Terence
  1636 | D:2      | Found a hazy altar of Hepliaklqana.
  1642 | D:2      | Found an opulent altar of Gozag.
  1836 | D:3      | Found a shattered altar of Ashenzari.
  1951 | D:3      | Learned a level 4 spell: Airstrike
  2015 | D:3      | Reached skill level 1 in Fighting
  2578 | D:3      | Reached XP level 5. HP: 29/29 MP: 5/14
  2595 | D:3      | Found a blossoming altar of Fedhas.
  3184 | D:4      | Found a burning altar of Makhleb.
  3241 | D:4      | Reached skill level 5 in Spellcasting
  3564 | D:4      | Got a bronze ring mail
  3575 | D:4      | Identified the +5 ring mail of the Ancient Emperors {rF+ rC+ MR+ Int-4} (You found it on level 4 of the Dungeon)
  4025 | D:5      | Entered Level 5 of the Dungeon
  4025 | D:5      | Found a white marble altar of Elyvilon.
  4118 | D:5      | Reached XP level 6. HP: 7/34 MP: 15/15
  4120 | D:5      | HP: 2/76 [poisoned by a killer bee]
  4121 | D:5      | Slain by a killer bee

Skill      XL: |  1  2  3  4  5 |
---------------+----------------+-----
Dodging        | 3 |  3.8
Charms         | 1 2 |  2.6
Spellcasting   | 4 5 |  5.3
Fighting       | 1 |  1.6
Conjurations   | 2 |  2.1
Stealth        | 3 |  3.0
Air Magic      | |  3.6

Action                   |  1- 3 |  4- 6 || total
-------------------------+-------+-------++-------
Melee: Unarmed           |     4 |       ||     4
       Dagger            |    61 |    66 ||   127
 Cast: Shock             |    48 |    67 ||   115
       Static Discharge  |     6 |    12 ||    18
       Airstrike         |       |     6 ||     6
       Swiftness         |       |     1 ||     1
  Use: Scroll            |     7 |     9 ||    16
       Potion            |       |     7 ||     7
 Stab: Sleeping          |     3 |     2 ||     5
  Eat: Chunk             |     2 |     8 ||    10
       Royal jelly       |       |     1 ||     1
Armor: Robe              |    22 |    11 ||    33
       Skin              |       |    19 ||    19
Dodge: Dodged            |    70 |    73 ||   143
